 Dungeon Crawl Stone Soup version 0.26-a0-651-gb41185065b (webtiles) character file.

Game seed: 14893206949718970090

67660 Flugslaktarn the Severer (level 15, -11/120 HPs)
             Began as a Human Fighter on Oct 26, 2020.
             Was an Initiate of Gozag.
             Mangled by a faun
             ... wielding a +0 spear
             ... led by a satyr
              (64 damage)
             ... on level 2 of the Shoals.
             The game lasted 00:16:01 (23349 turns).

Flugslaktarn the Severer (Human Fighter)           Turns: 23349, Time: 00:16:02

Health: -11/120    AC: 47    Str: 18    XL:     15   Next: 67%
Magic:  15/15      EV:  6    Int:  8    God:    Gozag
Gold:   1416       SH:  0    Dex: 17    Spells: 14/14 levels left

rFire    + . .     SeeInvis .   D - +6 broad axe (vorpal)
rCold    + . .     Faith    .   H - +2 kite shield {rF+}
rNeg     + . .     Spirit   .   G - +10 plate armour of Fortification {+Fly rN+ Str-4 Dex+3}
rPois    .         Reflect  .   O - +2 helmet
rElec    .         Harm     .   J - +2 cloak {Stlth+}
rCorr    .         Rampage  .   a - +1 pair of gloves of the Wasteland {rC+ MR+}
MR       ++...                  (no boots)
Stlth    ..........             i - amulet of regeneration
HPRegen  0.70/turn              p - +4 ring of protection
MPRegen  0.14/turn              K - ring of Robustness {AC+8}

@: sleeping, afraid, gold aura, glowing, very slow
A: no striking features
a: Potion Petition, Call Merchant, Bribe Branch, Renounce Religion, Evoke Flight


You were on level 2 of the Shoals.
You worshipped Gozag.
Gozag was most pleased with you.
You visited 3 branches of the dungeon, and saw 21 of its levels.
You also visited: Bailey and Gauntlet.

You collected 6434 gold pieces.
You spent 3884 gold pieces at shops.
You paid 1134 gold pieces to Gozag.

Inventory:

Hand Weapons
 D - a +6 vorpal broad axe (weapon)
   (You acquired it on level 5 of the Dungeon)
Armour
 a - the +1 pair of gloves of the Wasteland (worn) {rC+ MR+}
   (You found it in a Gauntlet)

   It protects you from cold.
   It affects your resistance to hostile enchantments.
 G - the +10 plate armour of Fortification (worn) {+Fly rN+ Str-4 Dex+3}
   (You found it in a Gauntlet)

   It affects your strength (-4).
   It affects your dexterity (+3).
   It protects you from negative energy.
   It lets you fly.
 H - a +2 kite shield of fire resistance (worn)
   (You bought it in a shop on level 3 of the Lair of Beasts)
 I - the +2 helmet of Unambiguity {*Corrode rElec MP+9 Int+6}
   (You found it in a Gauntlet)

   It affects your intelligence (+6).
   It insulates you from electricity.
   It affects your magic capacity (+9).
   It may corrode you when you take damage.
 J - a +2 cloak of stealth (worn)
   (You found it on level 14 of the Dungeon)
 O - a +2 helmet (worn)
   (You found it on level 2 of the Dungeon)
Jewellery
 c - an uncursed ring of protection from cold
   (You found it on level 3 of the Dungeon)
 f - an uncursed ring of protection from fire
   (You took it off a goblin on level 2 of the Dungeon)
 i - an amulet of regeneration (around neck)
   (You took it off a vampire on level 9 of the Dungeon)
 o - an uncursed ring of poison resistance
   (You bought it in a shop on level 1 of the Shoals)
 p - a +4 ring of protection (left hand)
   (You found it on level 6 of the Dungeon)
 s - the amulet of the Air {Inacc +Fly rElec EV+5 RMsl}
   (You found it on level 8 of the Dungeon)

   [amulet of inaccuracy]

   It reduces the accuracy of all your attacks.
   It affects your evasion (+5).
   It insulates you from electricity.
   It lets you fly.
   It protects you from missiles.
 B - an uncursed ring of protection from fire
   (You took it off an efreet in a Gauntlet)
 K - the ring of Robustness (right hand) {AC+8}
   (You bought it in a shop on level 5 of the Dungeon)

   [ring of protection]

   It affects your AC (+8).
 M - an uncursed ring of see invisible {unknown}
   (You found it on level 1 of the Shoals)
Wands
 g - a wand of digging (4)
   (You found it on level 4 of the Lair of Beasts)
 k - a wand of paralysis (1)
   (You found it on level 14 of the Dungeon)
 N - a wand of enslavement (10)
   (You found it on level 1 of the Shoals)
Scrolls
 e - a scroll of brand weapon
 l - a scroll of magic mapping
 r - 5 scrolls of identify
 t - 8 scrolls of teleportation
 x - 6 scrolls of remove curse
 y - 2 scrolls of enchant armour
 z - 2 scrolls of blinking
 L - 2 scrolls of silence
 P - 3 scrolls of fear
 Q - 3 scrolls of immolation
Potions
 b - a potion of ambrosia
 d - 7 potions of might
 h - 2 potions of haste
 j - a potion of magic
 m - a potion of mutation
 n - 2 potions of resistance
 q - 3 potions of curing
 u - a potion of flight
 v - 2 potions of invisibility
 w - 2 potions of heal wounds
 A - 3 potions of berserk rage
 E - a potion of cancellation
Miscellaneous
 C - a tin of tremorstones (3/3)
   (You found it on level 12 of the Dungeon)
 F - a condenser vane (1/2)
   (You bought it in a shop on level 5 of the Dungeon)


   Skills:
 + Level 12.0 Fighting
 * Level 15.9 Axes
 + Level 12.0 Armour
 + Level 11.9 Shields
 - Level 6.0 Evocations


You had 14 spell levels left.
You didn't know any spells.
Your spell library was empty.

Dungeon Overview and Level Annotations

Branches:
Dungeon (15/15)            Temple (0/1) D:4            Lair (4/6) D:9
 Shoals (2/4) Lair:4       Spider (0/4) Lair:4          Orc (0/2) D:11
 Vaults (0/5) D:14         Depths (0/5) D:15         Bailey (visited)
Gauntlet (visited)

Altars:
Ashenzari
Cheibriados
Dithmenos
Elyvilon
Gozag
Kikubaaqudgha
Makhleb
Nemelex Xobeh
Okawaru
Qazlal
Ru
Trog
Wu Jian
The Shining One
Beogh

Shops:
D:5 =(}?:   D:6 (   D:10 ?   D:11 =   Lair:3 [   Shoals:1 =

Portals:
Trove: D:11 (give +6 demon trident)

Annotations:
D:13 Rupert


Message History

Your unstable footing causes you to fumble your attack.
You slash the satyr!
The satyr is moderately wounded.
The faun hits you but does no damage.
The satyr plays a frightful melody on his pipes!
The satyr radiates an aura of fear!
You resist with almost no effort.
You slice the satyr!!
The satyr is heavily wounded.
The faun splashes around in the water.
The satyr plays a frightful melody on his pipes!
The satyr radiates an aura of fear!
You are terrified of the satyr!
Your unstable footing causes you to fumble your attack.
The faun hits you from afar with a +0 spear!
The satyr plays a lulling melody on his pipes!
You fall asleep.
The faun hits you from afar with a +0 spear!!!
Ouch! That really hurt!
You die...
Your body crumbles into a pile of gold.

#.≈≈≈.≈ ####...≈≈≈≈
###..#...≈≈≈≈ ..
##........≈≈≈≈
..##...≈....≈≈≈≈≈
..^##.....$c≈≈≈≈≈
.....≈≈.?$c≈≈≈≈≈≈
.....≈≈(@≈≈≈≈≈≈≈
.###.≈≈≈≈≈≈≈≈≈≈≈ .
#.≈(≈≈≈≈≈≈≈≈≈ ...
#..≈≈≈≈≈≈≈≈≈≈
.....###..≈≈≈≈≈≈≈≈≈≈
P≈.....<..≈≈≈≈≈≈≈≈≈≈
≈≈≈≈.≈.≈≈≈≈≈≈≈≈≈≈≈≈≈
≈≈≈≈≈≈≈≈≈≈≈≈≈≈≈≈≈≈≈≈
≈≈≈≈≈≈≈≈≈≈≈≈≈≈≈≈≈≈≈


You could see a satyr (scary) and a faun (strong).

Vanquished Creatures
  Donald (Lair:4)
  A minotaur (Gauntlet)
  A dire elephant (Gauntlet)
  A merfolk impaler (Lair:4)
  A fire dragon (D:14)
  Fannar (D:10)
  3 hydras
  5 two-headed ogres
  A centaur warrior (D:14)
  A tengu warrior (D:15)
  3 death yaks
  An iron troll (D:14)
  3 unseen horrors
  3 sea snakes (Shoals:1)
  A necromancer (Lair:2)
  Pikel (D:4)
  5 harpies (Shoals:1)
  4 ugly things (D:15)
  A wizard (D:14)
  5 fauns
  3 cyclopes
  A deep elf mage (D:14)
  6 manticores
  A centaur zombie (D:14)
  2 black mambas
  A water nymph (Shoals:1)
  3 merfolk sirens
  An elephant (Gauntlet)
  5 gargoyles
  6 cane toads
  3 kobold demonologists (D:11)
  An efreet (Gauntlet)
  4 komodo dragons
  2 freezing wraiths (D:14)
  2 rime drakes
  3 merfolk (Shoals:1)
  A wind drake (Shoals:1)
  4 trolls
  11 blink frogs
  3 hornets
  3 snapping turtles
  5 hippogriffs
  4 slime creatures (D:12)
  A water elemental (Shoals:1)
  A centaur simulacrum (D:15)
  Sigmund (D:3)
  A spriggan (Lair:1)
  2 shadows (D:14)
  A wyvern (D:15)
  2 vampires
  2 wraiths
  20 yaks
  Eustachio (D:4)
  3 vampire mosquitoes (D:13)
  A basilisk (D:15)
  3 fire elementals (Gauntlet)
  Menkaure (D:6)
  2 acid dragons
  2 swamp worms (Gauntlet)
  2 hell hounds (Gauntlet)
  6 water moccasins
  Duvessa (D:6)
  7 orc warriors
  14 porcupines
  5 black bears
  A hornet zombie (D:13)
  6 sky beasts
  An ice beast (D:9)
  A necrophage (D:11)
  34 wolves
  3 phantoms
  13 ogres
  4 centaurs
  10 crocodiles
  3 big kobolds
  11 bullfrogs
  A wyvern zombie (D:8)
  A gnoll sergeant (D:7)
  A wyvern skeleton (D:11)
  12 scorpions
  Dowan (D:6)
  32 killer bees
  An electric eel (Lair:4)
  22 wights
  5 howler monkeys
  6 bullfrog zombies
  11 hounds
  3 quasits
  Crazy Yiuf (D:2)
  10 orc priests
  8 jellies
  11 orc wizards
  3 bullfrog skeletons
  8 centaur skeletons
  5 iguanas
  Terence (D:3)
  11 worker ants
  3 yak simulacra (Lair:2)
  4 polar bear simulacra (Lair:2)
  4 wolf simulacra (Lair:2)
  A hound zombie (D:8)
  A hound skeleton (D:11)
  A worker ant zombie (D:9)
  7 gnolls
  16 adders
  2 howler monkey skeletons
  2 shadow imps
  2 white imps
  4 ufetubi
  3 oozes (D:3)
  2 adder zombies
  A worm (D:2)
  4 dart slugs
  7 leopard geckos
  43 orcs
  2 ball pythons
  6 giant cockroaches
  14 hobgoblins
  16 jackals
  2 quokkas
  16 bats
  8 frilled lizards
  A giant cockroach zombie (D:5)
  9 goblins
  20 kobolds
  2 quokka skeletons (D:4)
  7 rats
  3 rat zombies (D:9)
651 creatures vanquished.

Vanquished Creatures (others)
  A bush (Lair:3)
  34 fungi
  31 plants
  8 withered plants (D:15)
74 creatures vanquished.

Grand Total: 725 creatures vanquished

Notes
Turn   | Place    | Note
-------+----------+-------------------------------------------
     0 | D:1      | Flugslaktarn the Human Fighter began the quest for the Orb.
     0 | D:1      | Reached XP level 1. HP: 18/18 MP: 1/1
    88 | D:1      | Reached XP level 2. HP: 24/24 MP: 2/2
   360 | D:1      | Reached XP level 3. HP: 29/29 MP: 3/3
   853 | D:2      | Reached XP level 4. HP: 19/35 MP: 4/4
  1010 | D:2      | Found a stormy altar of Qazlal.
  1014 | D:2      | Reached skill level 3 in Axes
  1365 | D:2      | Reached XP level 5. HP: 41/41 MP: 5/5
  1480 | D:2      | Found a glowing golden altar of the Shining One.
  1860 | D:2      | Found a runed translucent door.
  1861 | D:2      | Noticed Crazy Yiuf
  1910 | D:2      | Killed Crazy Yiuf
  2089 | D:3      | Noticed Terence
  2096 | D:3      | Killed Terence
  2126 | D:3      | Reached XP level 6. HP: 46/48 MP: 6/6
  2164 | D:3      | Found an iron altar of Okawaru.
  2254 | D:3      | Reached skill level 4 in Axes
  2469 | D:3      | Noticed Sigmund
  2590 | D:3      | Killed Sigmund
  2590 | D:3      | Reached XP level 7. HP: 37/54 MP: 7/7
  2956 | D:4      | Found an opulent altar of Gozag.
  2991 | D:4      | Reached skill level 5 in Axes
  3004 | D:4      | Became a worshipper of Gozag Ym Sagoz the Greedy
  3023 | D:4      | Noticed Eustachio
  3068 | D:4      | Killed Eustachio
  3462 | D:4      | Found a staircase to the Ecumenical Temple.
  3555 | D:4      | Found a shadowy altar of Dithmenos.
  3643 | D:4      | Reached XP level 8. HP: 30/61 MP: 8/8
  3923 | D:4      | Noticed Pikel
  3959 | D:4      | Killed Pikel
  3959 | D:4      | Reached skill level 5 in Fighting
  3959 | D:4      | Reached skill level 6 in Axes
  3959 | D:4      | Reached skill level 5 in Armour
  3959 | D:4      | Reached skill level 5 in Shields
  4002 | D:4      | Found a snail-covered altar of Cheibriados.
  4410 | D:5      | Entered Level 5 of the Dungeon
  4454 | D:5      | Found Woof's Book Shoppe.
  4729 | D:5      | Found Nadeotrile's Gadget Boutique.
  4992 | D:5      | Bought a condenser vane (2/2) for 280 gold pieces
  5020 | D:5      | Found Boecwuth's Weapon Emporium.
  5054 | D:5      | Reached XP level 9. HP: 61/68 MP: 9/9
  5257 | D:5      | Found Nyklor's Jewellery Emporium.
  5320 | D:5      | Reached skill level 7 in Axes
  5610 | D:5      | Found Tophum's Magic Scroll Shop.
  5675 | D:6      | Noticed Dowan
  5683 | D:6      | Noticed Duvessa
  5686 | D:6      | Killed Dowan
  5686 | D:6      | Reached skill level 1 in Evocations
  5707 | D:6      | Killed Duvessa
  5806 | D:6      | Noticed Menkaure
  5813 | D:6      | Killed Menkaure
  5854 | D:6      | Found a sacrificial altar of Ru.
  5888 | D:6      | Found Vyleggor's Weapon Shoppe.
  6289 | D:7      | Reached skill level 8 in Axes
  6449 | D:7      | Reached XP level 10. HP: 74/77 MP: 10/10
  7003 | D:7      | Found a white marble altar of Elyvilon.
  7018 | D:7      | Found a broken altar of Ashenzari.
  7500 | D:8      | Reached skill level 9 in Axes
  7927 | D:8      | Noticed a cyclops
  7959 | D:8      | Killed a cyclops
  8221 | D:8      | HP: 3/79 [centaur/arrow (9)]
  9266 | D:8      | Reached XP level 11. HP: 83/84 MP: 11/11
  9294 | D:8      | Found the amulet of the Air {Inacc +Fly rElec EV+5 RMsl}
  9351 | D:8      | Found a burning altar of Makhleb.
  9435 | D:8      | Found an ornate altar of the Wu Jian Council.
  9661 | D:5      | Bought a scroll of acquirement for 520 gold pieces
  9661 | D:5      | Acquired a +1 vorpal broad axe
  9781 | D:9      | Found a flagged portal.
  9801 | Bailey   | Entered a bailey
  9815 | Bailey   | Noticed an orc knight
  9871 | D:9      | Noticed a death yak
  9872 | D:9      | Found a staircase to the Lair.
  9873 | D:9      | Noticed a death yak
  9873 | D:9      | Noticed a death yak
 10398 | D:9      | Found a bloodstained altar of Trog.
 10403 | D:9      | Noticed a two-headed ogre
 10407 | D:9      | Reached skill level 10 in Axes
 10414 | D:9      | Killed a two-headed ogre
 10414 | D:9      | Reached skill level 5 in Evocations
 11312 | D:9      | Found an ancient bone altar of Kikubaaqudgha.
 11396 | D:9      | Killed a death yak
 11400 | D:9      | Killed a death yak
 11910 | D:10     | Entered Level 10 of the Dungeon
 12064 | D:10     | Found a broken altar of Ashenzari.
 12081 | D:10     | Noticed Fannar
 12100 | D:10     | Killed Fannar
 12497 | D:10     | Found Jilaat's Magic Scroll Emporium.
 12606 | D:10     | Reached skill level 11 in Axes
 12883 | D:10     | Reached XP level 12. HP: 75/94 MP: 12/12
 13296 | D:11     | Noticed a sun demon
 13517 | D:11     | Found a staircase to the Orcish Mines.
 13528 | D:11     | Killed an unseen horror
 13568 | D:11     | Identified the ring of Giageh {Fire +Inv MR+}
 13963 | D:11     | Found a roughly hewn altar of Beogh.
 14189 | D:11     | Found Qiumeeca's Jewellery Emporium.
 14335 | D:10     | Bought a scroll of acquirement for 676 gold pieces
 14335 | D:10     | Acquired 776 gold pieces
 14446 | D:11     | Noticed a two-headed ogre
 14458 | D:11     | Killed a two-headed ogre
 14458 | D:11     | Reached skill level 12 in Axes
 14609 | D:11     | Found a portal to a secret trove of treasure.
 14865 | D:12     | Found a gate leading to a gauntlet.
 14878 | Gauntlet | Entered a Gauntlet
 14878 | Gauntlet | Found a transporter.
 14878 | Gauntlet | Found a transporter.
 14882 | Gauntlet | Noticed a fire crab
 14905 | Gauntlet | Found a runed translucent gate.
 14906 | Gauntlet | Found a transporter.
 14906 | Gauntlet | Found a runed translucent gate.
 14908 | Gauntlet | Noticed a tengu warrior
 14911 | Gauntlet | Found a runed translucent gate.
 14918 | Gauntlet | Found a transporter.
 14935 | Gauntlet | Found a transporter.
 14935 | Gauntlet | Found a transporter.
 14937 | Gauntlet | Found a transporter.
 14937 | Gauntlet | Found a transporter.
 14938 | Gauntlet | Found a transporter.
 14939 | Gauntlet | Noticed a sixfirhy
 14948 | Gauntlet | Found a transporter.
 14964 | Gauntlet | Found a transporter.
 14964 | Gauntlet | Noticed a sixfirhy
 14974 | Gauntlet | Found a transporter.
 14980 | Gauntlet | Found a transporter.
 15008 | Gauntlet | Noticed a dire elephant
 15015 | Gauntlet | Found a transporter.
 15061 | Gauntlet | Got a pair of bloodstained gloves
 15072 | Gauntlet | Identified the +1 pair of gloves of the Wasteland {rC+ MR+}
                  | (You found it in a Gauntlet)
 15084 | Gauntlet | Got a shimmering crystal plate armour
 15117 | Gauntlet | Killed a dire elephant
 15136 | Gauntlet | Identified the +1 crystal plate armour "Zoav" {Dex+4} (You
                  | found it in a Gauntlet)
 15236 | Gauntlet | Reached XP level 13. HP: 101/101 MP: 13/13
 15261 | Gauntlet | Got a brightly glowing plate armour
 15272 | Gauntlet | Identified the +10 plate armour of Fortification {+Fly rN+
                  | Str-4 Dex+3} (You found it in a Gauntlet)
 15282 | Gauntlet | Got a slimy helmet
 15293 | Gauntlet | Identified the +2 helmet of Unambiguity {*Corrode rElec
                  | MP+9 Int+6} (You found it in a Gauntlet)
 15320 | Gauntlet | Noticed a minotaur
 15333 | Gauntlet | Killed a minotaur
 15702 | D:12     | Reached skill level 13 in Axes
 16004 | D:12     | Reached skill level 10 in Fighting
 16312 | D:8      | Reached skill level 10 in Armour
 16363 | D:5      | Bought the ring of Robustness {AC+8} for 1792 gold pieces
 16363 | D:5      | Found the ring of Robustness {AC+8}
 16493 | D:13     | Reached skill level 10 in Shields
 16507 | D:13     | You fall into a shaft and drop 2 floors!
 16507 | D:15     | Entered Level 15 of the Dungeon
 16687 | D:14     | Found a sparkling altar of Nemelex Xobeh.
 16783 | D:14     | Noticed a centaur warrior
 16791 | D:14     | Killed a centaur warrior
 17021 | D:14     | Noticed a fire dragon
 17031 | D:14     | Reached XP level 14. HP: 93/111 MP: 14/14
 17210 | D:14     | Found a gate to the Vaults.
 17264 | D:14     | Found an opulent altar of Gozag.
 17272 | D:14     | Reached skill level 14 in Axes
 17629 | D:13     | Noticed Rupert
 17647 | D:13     | You fall into a shaft and drop 2 floors!
 17647 | D:15     | Found a staircase to the Depths.
 18472 | Lair:1   | Entered Level 1 of the Lair of Beasts
 20167 | Lair:3   | Bought a +2 kite shield of fire resistance for 236 gold
                  | pieces
 20319 | Lair:3   | Reached skill level 15 in Axes
 21085 | Lair:4   | Reached XP level 15. HP: 98/119 MP: 15/15
 21720 | Lair:4   | Found a staircase to the Shoals.
 21873 | Lair:4   | Found a hole to the Spider Nest.
 22024 | Shoals:1 | Entered Level 1 of the Shoals
 22024 | Shoals:1 | Noticed Donald
 22236 | Lair:4   | Killed Donald
 22828 | Shoals:1 | Found Meomipt's Jewellery Boutique.
 22971 | Shoals:1 | Bought an uncursed ring of poison resistance for 380 gold
                  | pieces
 23349 | Shoals:2 | Mangled by a faun

Illustrated notes

Levels and vault maps discovered:
D:1:      roderic_chinese_lattice_arrival, layout_basic
D:2:      layout_basic, tso_oasis_becter, old_standard_altar,
          corexii_leaking_fountain, uniq_crazy_yiuf_cottage
D:3:      layout_basic, nicolae_overflow_hidden_temple, grunt_ministairs_9,
          uniq_sigmund, uniq_terence
D:4:      layout_basic, kennysheep_little_box, nicolae_gozag_seed_capital,
          minmay_temple_entry_antechambers, enter_ossuary_5,
          grunt_ministairs_15, minivault_24, nicolae_dithmenos_shadow_blocks,
          uniq_eustachio, uniq_pikel
D:5:      layout_basic, serial_shops, nicolae_shop_crystal, nicolae_shop_trees,
          shop, shop, nicolae_shop_trees, kennysheep_cross_room
D:6:      layout_cave_pools, nicolae_overflow_crystal_walls, serial_shops,
          nicolae_shop_crystal, uniq_duvessa, uniq_menkaure
D:7:      layout_cave_pools, kennysheep_mini, marbit_many_paths,
          serial_column_ruins, column_ruins_hut_water, column_ruins_hut,
          column_ruins_open_tiny, column_ruins_grid_1, column_ruins_grid_3,
          column_ruins_open_large, column_ruins_open_small
D:8:      minmay_the_grid_square_5x5_3x3 [minmay_the_grid_square_5x5_one_wall,
          minmay_the_grid_square_5x5_minibox, minmay_the_grid_square_5x5_v,
          minmay_the_grid_square_5x5_tie,
          minmay_the_grid_square_5x5_megaprize_diamond,
          minmay_the_grid_square_5x5_lines,
          minmay_the_grid_square_5x5_doubleslash,
          minmay_the_grid_square_5x5_three,
          minmay_the_grid_square_5x5_tetrominoes], layout_gridville,
          kennysheep_mini_moat, lemuel_round_altar
D:9:      layout_basic, lemuel_zombie_altar_kikubaaqudgha, trog_ov_bears_minmay,
          dpeg_lair_monsters, enter_bailey_2, kennysheep_small_circle
D:10:     layout_roguey, serial_shops, shop, nicolae_ashenzari_panopticon,
          uniq_fannar
D:11:     layout_rooms, minmay_orc_entry_temple_small, serial_shops,
          shop_fountains, trove_entry_hex_spiral, grunt_tough_drop
D:12:     old_forge, layout_gridville, gauntlet_entry_generic,
          nrook_loot_triangle
D:13:     layout_rooms, uniq_rupert
D:14:     layout_big_octagon, david_vaults_4, serial_column_ruins,
          column_ruins_hut_ruined, column_ruins_corridor_straight,
          column_ruins_columns_corner, column_ruins_columns_T,
          column_ruins_corridor_straight, column_ruins_grid_1,
          column_ruins_grid_1, old_standard_altar, hex_tiny,
          nemelex_xobeh_ov_fountains_minmay
D:15:     gammafunk_depths_entry_grave, layout_rooms
Lair:1:   layout_small_grid, grunt_forest_large_clearings, lemuel_fruit_tree
Lair:2:   layout_regular_city, eino_house_with_fridge
Lair:3:   layout_loops_ring, wad_woods_06, lemuel_fruit_fields
Lair:4:   layout_regular_city, minmay_shoals_entry_hut, dummy_spider_entry
Shoals:1: layout_shoals, nicolae_shoals_c_island, uniq_donald
Shoals:2: layout_shoals, nicolae_shoals_this_corrosion

Skill      XL: |  1  2  3  4  5  6  7  8  9 10 11 12 13 14 15 |
---------------+----------------------------------------------+-----
Axes           | 3 4 5 6 8 9 11 12 13 15 | 15.9
Fighting       | 4 5 6 7 8 9 10 11 12 | 12.0
Armour         | 4 5 6 7 8 9 10 11 12 | 12.0
Shields        | 4 5 6 7 8 9 10 11 | 11.9
Evocations     | 2 4 6 |  6.0

Action                   |  1- 3 |  4- 6 |  7- 9 | 10-12 | 13-15 || total
-------------------------+-------+-------+-------+-------+-------++-------
Melee: War axe           |   124 |   189 |   326 |   316 |       ||   955
       Broad axe         |       |       |       |   464 |  1039 ||  1503
Invok: Potion Petition   |       |       |       |     1 |       ||     1
       Call Merchant     |       |       |       |       |     1 ||     1
 Abil: Evoke Flight      |       |       |       |       |     2 ||     2
Evoke: Condenser vane    |       |       |       |     3 |     2 ||     5
       Wand              |       |       |       |       |     7 ||     7
       Tin of tremorston |       |       |       |       |     1 ||     1
  Use: Scroll            |       |     1 |     9 |    16 |    17 ||    43
       Potion            |       |     2 |     1 |     7 |     1 ||    11
 Stab: Distracted        |       |       |       |     3 |    10 ||    13
       Sleeping          |       |       |       |     1 |       ||     1
       Invisible         |       |       |       |       |     2 ||     2
       Held in net/web   |       |       |       |       |     1 ||     1
       Paralysed         |       |       |       |       |     5 ||     5
       Confused          |       |       |       |       |     3 ||     3
Armor: Chain mail        |    90 |   112 |   182 |   421 |       ||   805
       Scale mail        |     2 |       |       |       |       ||     2
       Skin              |       |       |    26 |    26 |       ||    52
       Crystal plate arm |       |       |       |     1 |    16 ||    17
       Plate armour      |       |       |       |       |   829 ||   829
Dodge: Dodged            |    36 |    57 |   103 |   307 |   200 ||   703
Block: Kite shield       |    90 |   116 |   215 |   485 |   682 ||  1588

Table legend: (Time is in decaauts)
 A = Elapsed time spent in this place.
 B = Non-inter-level travel time spent in this place.
 C = Inter-level travel time spent in this place.
 D = Time resting spent in this place.
 E = Time spent auto-exploring this place.
 F = Levels seen in this place.
 G = Mean time per level.
                   A        B        C        D        E       F      G
               +--------+--------+--------+--------+--------+-----+--------+
         Total |  23613 |  22402 |   1211 |   2832 |  14514 |  23 | 1026.7 |
       Dungeon |  18241 |  17155 |   1086 |   2464 |  10739 |  15 | 1216.1 |
          Lair |   3848 |   3734 |    114 |    287 |   2862 |   4 |  962.0 |
        Shoals |   1028 |   1018 |     10 |      0 |    751 |   2 |  514.0 |
        Bailey |     32 |     32 |      0 |      0 |      0 |   1 |   32.0 |
      Gauntlet |    462 |    462 |      0 |     81 |    161 |   1 |  462.0 |
               +--------+--------+--------+--------+--------+-----+--------+

Top non-repeatable levels by time:
     D:8: 2428 daAuts
     D:9: 1939 daAuts
     D:4: 1651 daAuts
    D:11: 1471 daAuts
    D:10: 1438 daAuts
     D:2: 1343 daAuts
     D:5: 1325 daAuts
     D:7: 1319 daAuts
  Lair:4: 1284 daAuts
    D:14: 1267 daAuts
    D:12: 1144 daAuts
Shoals:1: 1006 daAuts
  Lair:3: 971 daAuts
     D:1: 861 daAuts
  Lair:1: 854 daAuts
